 Dungeon Crawl Stone Soup version 0.28.0 (webtiles) character file.

Game seed: 15582492145485772795

1378 willcat the Covert (level 8, -8/52 HPs)
             Began as an Octopode Delver on Feb 7, 2022.
             Was an Initiate of Ashenzari.
             Mangled by a gnoll sergeant (16 damage)
             ... on level 7 of the Dungeon.
             The game lasted 00:06:27 (5131 turns).

willcat the Covert (Octopode Delver)                Turns: 5131, Time: 00:06:27

Health: -8/52      AC:  1    Str: 17    XL:     8   Next: 66%
Magic:  12/12      EV: 15    Int: 13    God:    Ashenzari [......]
Gold:   299        SH:  0    Dex: 15    Spells: 7/13 levels left

rFire   . . .      SeeInvis .   e - +0 rapier
rCold   . . .      Faith    .   (no shield)
rNeg    . . .      Spirit   .   (helmet restricted)
rPois   .          Reflect  .   (no amulet)
rElec   .          Harm     .   j - +6 ring of strength
rCorr   .          Rampage  .   (no ring)
Will    .....                   (no ring)
Stlth   +++++.....              (no ring)
HPRegen 0.17/turn               (no ring)
MPRegen 0.13/turn               (no ring)
                                (no ring)
                                (no ring)

@: no status effects
A: almost no armour, amphibious, 8 rings, camouflage 1, gelatinous body 1,
(nimble swimmer 1), tentacles
a: Renounce Religion


You were on level 7 of the Dungeon.
You worshipped Ashenzari.
Ashenzari was noncommittal.
You visited 2 branches of the dungeon, and saw 6 of its levels.
You also visited: Ossuary.

You collected 299 gold pieces.

Inventory:

Hand Weapons
 e - a +0 rapier (weapon)
 k - a +2 long sword of protection
Jewellery
 j - a +6 ring of strength (left tentacle)
Wands
 a - a wand of flame (5)
 f - a wand of digging (3)
Scrolls
 b - a scroll of fog
 c - a scroll of enchant armour {unknown}
 d - a scroll of fear
 h - a scroll of identify
 i - a scroll of torment {unknown}
 l - a scroll of summoning {unknown}
 o - a scroll of magic mapping
 t - a scroll of enchant weapon {unknown}
Potions
 g - 2 potions of mutation
 m - a potion of invisibility {unknown}
 n - a potion of might
 p - 3 potions of magic {unknown}
 q - 2 potions of ambrosia {unknown}
 r - a potion of brilliance {unknown}
 s - a potion of cancellation {unknown}


   Skills:
 - Level 3.0 Fighting
 + Level 5.3 Short Blades
 + Level 5.3 Dodging
 + Level 9.8 Stealth
 + Level 3.1 Spellcasting
 + Level 3.5 Hexes
 - Level 1.3 Evocations


You had 7 spell levels left.
You knew the following spells:

 Your Spells              Type           Power      Damage    Failure   Level
a - Confusing Touch       Hex            11%        N/A       16%         3
b - Tukima's Dance        Hex            11%        N/A       16%         3

Your spell library contained the following spells:

 Spells                   Type           Power      Damage    Failure   Level
 Slow                     Hex            44%        N/A       5%          1
 Vampiric Draining        Necr           2%         2d6       56%         3
 Passage of Golubria      Tloc           2%         N/A       92%         4
 Yara's Violent Unravell  Hex/Tmut       3%         3d4       97%         5


Dungeon Overview and Level Annotations

Branches:
Dungeon (7/15)             Temple (1/1) D:7         Ossuary (visited)

Altars:
Ashenzari
Cheibriados
Dithmenos
Elyvilon
Fedhas
Hepliaklqana
Kikubaaqudgha
Makhleb
Okawaru
Sif Muna
Trog
Uskayaw
Vehumet
Wu Jian
Yredelemnul
Zin
The Shining One

Shops:
D:4 (


Innate Abilities, Weirdness & Mutations

You cannot wear most types of armour.
You are amphibious.
You can wear up to eight rings at the same time.
Your skin changes colour to match your surroundings (Stealth+).
Your rubbery body absorbs attacks. (AC +1, EV +1)
((You are camouflaged when in or above water. (Stealth+)))
You have tentacles for arms and can constrict up to eight enemies at once.


Message History

The floor.
Press: ? - help, v - describe, . - travel An open door.
You hit the gnoll but do no damage. You grab the gnoll.
You constrict the gnoll, but do no damage.
The gnoll closely misses you.
You hit the gnoll but do no damage.
You squeeze the gnoll, but do no damage.
You constrict the gnoll.
The gnoll sergeant hits you from afar with a +0 spear!
The gnoll closely misses you.
Unknown command.
You hit the gnoll but do no damage.
You squeeze the gnoll, but do no damage.
The gnoll is moderately wounded.
You constrict the gnoll. The gnoll sergeant misses you.
The gnoll hits you with a +2 flail of protection!
Unknown command.
You hit the gnoll but do no damage.
The gnoll is heavily wounded.
You constrict the gnoll.
The gnoll sergeant hits you from afar with a +0 spear!
The gnoll misses you.
Unknown command.
You hit the gnoll but do no damage.
The gnoll is heavily wounded.
You constrict the gnoll. The gnoll sergeant misses you.
The gnoll hits you with a +2 flail of protection.
Unknown command.
You hit the gnoll but do no damage.
The gnoll is heavily wounded.
You constrict the gnoll.
The gnoll sergeant hits you from afar with a +0 spear!
* * * LOW HITPOINT WARNING * * *
The gnoll closely misses you.
Unknown command.
You hit the gnoll but do no damage. You squeeze the gnoll.
You kill the gnoll!
The gnoll sergeant hits you from afar with a +0 spear!
You die...

... ##.## #...# ...
#.# .g. #.# #g# #.#
#g# #.# #)# #.#######
##@## #.#......
##...## #.#.####.
##.....## #.#.####.
#.......## ##.....##.
#.......>.###......##.
+.........'...........
#.........##.......##.
##.......###..........
##.....## ##.....####


You could see a gnoll sergeant and 2 gnolls.

Vanquished Creatures
  A necrophage (D:5)
  A black bear (D:5)
  A centaur (D:6)
  A phantom (D:6)
  3 elf zombies (Ossuary)
  A scorpion (D:6)
  An electric eel (D:6)
  A bullfrog zombie (D:6)
  2 centaur zombies
  2 hounds
  An orc priest (D:4)
  A gnoll shaman (D:6)
  4 human zombies (Ossuary)
  A centaur skeleton (D:7)
  4 iguanas
  2 orc wizards (D:4)
  5 hound zombies (Ossuary)
  3 mummies (Ossuary)
  3 adders (D:5)
  A gnoll (D:7)
  A shadow imp (D:7)
  3 ufetubi
  2 adder zombies (Ossuary)
  A worm (D:3)
  A dart slug (D:4)
  3 orcs
  3 ball pythons
  A giant cockroach (D:4)
  A gnoll zombie (Ossuary)
  3 goblins (D:4)
  3 hobgoblins (D:4)
  A goblin zombie (Ossuary)
  6 hobgoblin zombies (Ossuary)
  2 jackal zombies (Ossuary)
  A kobold (D:4)
  3 kobold zombies (Ossuary)
  4 quokka zombies (Ossuary)
  2 rat zombies (Ossuary)
80 creatures vanquished.

Notes
Turn   | Place    | Note
-------+----------+-------------------------------------------
     0 | D:5      | willcat the Octopode Delver began the quest for the Orb.
     0 | D:5      | Reached XP level 1. HP: 16/16 MP: 1/1
    46 | D:5      | Reached XP level 2. HP: 21/21 MP: 2/2
   119 | D:5      | Noticed a necrophage
   139 | D:5      | Reached skill level 7 in Stealth
   139 | D:5      | Reached XP level 3. HP: 16/26 MP: 3/3
   152 | D:5      | Killed a necrophage
   153 | D:5      | Reached XP level 4. HP: 18/31 MP: 4/4
   153 | D:5      | Reached XP level 5. HP: 21/36 MP: 5/5
   170 | D:5      | Found an iron altar of Okawaru.
   717 | D:5      | Noticed a black bear
   724 | D:5      | Killed a black bear
   725 | D:5      | Reached skill level 8 in Stealth
   725 | D:5      | Reached skill level 1 in Evocations
   725 | D:5      | Reached XP level 6. HP: 42/42 MP: 6/6
   729 | D:5      | Learned a level 3 spell: Confusing Touch
   852 | D:4      | Found Zaochaps's Weapon Shoppe.
  1189 | D:4      | Reached skill level 1 in Hexes
  1655 | D:3      | Reached skill level 1 in Spellcasting
  1660 | D:3      | Reached XP level 7. HP: 46/46 MP: 8/8
  1770 | D:6      | Noticed a two-headed ogre
  1817 | D:6      | Found a sand-covered staircase.
  1822 | Ossuary  | Entered an ossuary
  1924 | Ossuary  | HP: 2/46 [rat zombie (2)]
  2357 | Ossuary  | Reached skill level 9 in Stealth
  2797 | Ossuary  | Reached XP level 8. HP: 49/52 MP: 11/11
  3028 | D:6      | Reached skill level 5 in Short Blades
  3028 | D:6      | Reached skill level 5 in Dodging
  3667 | D:6      | Noticed a two-headed ogre
  4700 | D:6      | Learned a level 3 spell: Tukima's Dance
  4892 | D:7      | Found a staircase to the Ecumenical Temple.
  4916 | Temple   | Entered the Ecumenical Temple
  5017 | Temple   | Became a worshipper of Ashenzari the Shackled
  5131 | D:7      | Mangled by a gnoll sergeant

Illustrated notes

Levels and vault maps discovered:
D:3:      layout_loops_ring, uniq_ijyb, uniq_sigmund
D:4:      layout_loops_ring, serial_shops, shop
D:5:      layout_basic, okawaru_gym_becter, fountainhead
D:6:      kennysheep_big_flooded_room, layout_rooms, enter_ossuary_2,
          kennysheep_dice
D:7:      layout_loops_corners, minmay_temple_entry_drinking_statues
Temple:   lightli_temple_of_artemis

Skill      XL: |  1  2  3  4  5  6  7  8 |
---------------+-------------------------+-----
Stealth        | 7 8 9 |  9.8
Short Blades   | 3 4 5 |  5.3
Dodging        | 3 4 5 |  5.3
Evocations     | 1 |  1.3
Hexes          | 1 2 3 |  3.5
Spellcasting   | 1 2 3 |  3.1
Fighting       | |  3.0

Action                   |  1- 3 |  4- 6 |  7- 9 || total
-------------------------+-------+-------+-------++-------
Melee: Short sword       |    23 |     1 |       ||    24
       Tentacles         |     3 |     9 |    37 ||    49
       Constrict         |     3 |    11 |    34 ||    48
       Rapier            |       |    54 |   141 ||   195
       Punch             |       |     2 |     1 ||     3
 Cast: Confusing Touch   |       |       |     6 ||     6
       Tukima's Dance    |       |       |     3 ||     3
Evoke: Wand              |       |     1 |    10 ||    11
  Use: Potion            |     1 |       |     1 ||     2
       Scroll            |       |       |     2 ||     2
 Stab: Sleeping          |       |     8 |    13 ||    21
Armor: Skin              |     1 |     6 |     7 ||    14
Dodge: Dodged            |    12 |    32 |    70 ||   114
